Map: 2000 Atmospheres LE

Players

Pumba - Winner!

  • Race: Zerg Zerg
  • League: Master
  • Spawn Location: 7:00

ClsClassiC

  • Race: Terran Terran
  • League: Master
  • Spawn Location: 3:00

VOD

Have the link to the VOD?

Description

Time

  • Played on: Sept. 21, 2021, 5:46 p.m.
  • Length: 8:31
Show
View Real Time Build Order
Export as new Build Order

Pumba Zerg - Winner!

Build Orders: Hatch First 

Get SALT Encoding   

  12  0:00  Drone  
  13  0:12  Overlord  
  13  0:18  Drone  
  14  0:30  Drone  
  14  0:31  Drone  
  16  0:48  Hatchery  
  15  0:51  Drone  
  15  0:54  Drone  
  17  1:03  Drone  
  18  1:10  Extractor  
  17  1:14  Spawning Pool  
  17  1:18  Drone  
  17  1:20  Drone  
  18  1:28  Drone  
  19  1:40  Overlord  
  19  1:52  Drone  
  20  2:00  Queen  
  20  2:01  Zergling x2, Queen  
  24  2:02  Zergling x2  
  26  2:11  Metabolic Boost  
  26  2:16  Drone x2  
  28  2:34  Hatchery  
  27  2:37  Drone x2  
  27  2:42  Drone x2  
  30  2:52  Queen  
  30  2:54  Overlord  
  32  3:00  Drone x2  
  33  3:09  Drone x3  
  37  3:12  Drone  
  37  3:13  Drone x4  
  37  3:15  Drone  
  42  3:23  Overlord  
  42  3:25  Overlord  
  42  3:36  Queen  
  44  3:41  Queen  
  44  3:43  Overlord x3  
  46  3:50  Drone x2  
  46  3:52  Overlord  
  46  3:54  Zergling x6  
  51  4:06  Drone x2  
  51  4:07  Drone x3  
  56  4:10  Queen  
  58  4:19  Queen  
  58  4:22  Zergling x8  
  58  4:23  Zergling x2  
  65  4:25  Drone x3  
  68  4:35  Drone x2  
  68  4:36  Drone  
  71  4:39  Lair  
  71  4:41  Extractor  
  71  4:42  Roach Warren  
  71  4:44  Extractor x2  
  67  4:53  Drone x9  
  67  4:58  Overlord  
  75  5:08  Drone x3  
  75  5:13  Extractor  
  75  5:14  Drone x3, Extractor  
  78  5:15  Drone x2  
  81  5:22  Drone  
  81  5:23  Overlord x2  
  81  5:27  Hatchery  
  81  5:40  Glial Reconstitution  
  81  5:43  Drone x2, Spire  
  81  5:44  Drone x5  
  81  5:48  Overlord x2  
  86  6:05  Roach x8  
  102  6:17  Overlord x3  
  102  6:18  Overlord  
  102  6:19  Roach x5  
  112  6:26  Overseer  
  112  6:36  Roach  
  112  6:37  Roach x4  
  122  6:47  Overlord x3  
  122  6:48  Roach x4  
  122  6:49  Roach x3  
  133  6:56  Roach x2  
  135  7:10  Drone x2  
  135  7:12  Drone x7  
  144  7:22  Extractor  
  143  7:23  Extractor  
  143  7:27  Overlord x2  
  140  7:38  Mutalisk x8  
  140  7:39  Mutalisk x5  
  166  7:54  Mutalisk x2  
  162  8:11  Extractor  
  162  8:12  Hatchery  
  154  8:17  Extractor  
Show
View Real Time Build Order
Export as new Build Order

ClsClassiC Terran 

Build Orders: Reaper Expand, Mech 

Get SALT Encoding   

  12  0:00  SCV  
  13  0:12  SCV  
  14  0:18  Supply Depot  
  14  0:24  SCV  
  15  0:40  SCV  
  15  0:41  Barracks  
  16  0:44  Refinery  
  16  0:52  SCV  
  17  1:04  SCV  
  18  1:16  SCV  
  19  1:28  Orbital Command  
  19  1:29  Reaper  
  20  1:41  Command Center  
  20  1:54  SCV  
  21  1:59  Supply Depot  
  21  2:01  Marine  
  21  2:06  SCV  
  23  2:13  Factory  
  23  2:20  SCV, Marine  
  25  2:37  SCV  
  25  2:43  Barracks Reactor  
  25  2:50  SCV  
  26  2:53  Orbital Command  
  25  3:03  SCV  
  26  3:15  Command Center, SCV  
  27  3:23  SCV  
  28  3:27  SCV  
  29  3:34  Hellion  
  29  3:35  Hellion, SCV  
  29  3:36  Refinery  
  34  3:46  SCV  
  34  3:47  SCV  
  35  3:56  Hellion x2  
  35  3:58  SCV  
  35  3:59  SCV  
  41  4:10  SCV  
  41  4:13  Factory  
  41  4:15  Barracks Tech Lab  
  42  4:17  Hellion x2  
  46  4:26  Refinery  
  46  4:27  SCV x2, Refinery  
  46  4:29  Supply Depot  
  48  4:36  Orbital Command  
  48  4:39  SCV x2  
  48  4:43  Widow Mine x2  
  54  4:51  SCV x2  
  54  5:03  SCV x2  
  54  5:04  Hellion x2  
  58  5:10  SCV, Factory  
  59  5:15  SCV x2  
  59  5:18  Supply Depot  
  61  5:22  Refinery, SCV  
  61  5:24  Armory, Siege Tank  
  61  5:25  Armory  
  61  5:27  SCV x2  
  67  5:35  SCV  
  68  5:39  SCV x2  
  68  5:41  Hellion x2  
  68  5:42  Supply Depot  
  74  5:43  Supply Depot  
  74  5:52  SCV x2  
  76  5:58  Engineering Bay  
  76  6:01  Supply Depot  
  76  6:04  Hellion x3  
  82  6:09  Refinery  
  82  6:12  Factory Tech Lab  
  82  6:13  Terran Vehicle Weapons Level 1, Terran Vehicle And Ship Armor Level 1  
  82  6:15  Factory  
  82  6:16  Factory  
  82  6:19  SCV x2  
  82  6:24  SCV  
  85  6:30  Factory  
  85  6:31  SCV x2  
  87  6:37  SCV, Drilling Claws, Infernal Pre-Igniter  
  88  6:43  SCV  
  88  6:44  SCV  
  88  6:49  SCV  
  89  6:56  SCV x2  
  89  7:01  SCV  
  91  7:08  SCV x2  
  93  7:10  Command Center  
  93  7:13  SCV  
  94  7:18  Factory Tech Lab x3  
  94  7:20  SCV x2  
  96  7:24  Missile Turret  
  96  7:25  SCV  
  96  7:26  Missile Turret  
  96  7:31  Siege Tank  
  96  7:32  Widow Mine  
  96  7:33  Siege Tank  
  100  7:38  Siege Tank  
  100  7:40  Siege Tank  
  97  7:50  Siege Tank  
  57  8:13  SCV  
Tags
 
Add a new tag
Caveats
  • Supply blocks, unpowered buildings, or Contaminate may cause inaccurate times.
  • Supply counts are checked every 10 seconds.